| TOP OF THE 1ST |
|
Greeneville Astros batting - Pitching for Boston (APP) Red Sox : RHP Jim Horwood
|
|
Pitching: RHP Jim Horwood
|
|
|
Batting: SHB Steve Ramsey
|
0-0: Called Strike 0-1: Called Strike 0-2: Ball 1-2: Ball 2-2: Ball 3-2: Base on Balls
|
|
Batting: SHB Rory Mozer
|
0-0: Ball 1-0: Foul Ball, location: 2F 1-1: Foul Ball, location: 2F 1-2: Ball 2-2: Foul Ball, location: 2F 2-2: Foul Ball, location: 2F 2-2: Ball 3-2: Base on Balls Steve Ramsey to second
|
|
Batting: LHB Bert Middleton
|
0-0: Ball 1-0: Swinging Strike 1-1: Called Strike 1-2: Ball 2-2: Strikes out looking
|
|
Batting: LHB Guadalupe Gonzalez
|
0-0: Ball 1-0: Reached on error, E3 (Groundball, 3, EV 83.1 MPH) Steve Ramsey to third Rory Mozer to second
|
|
Batting: RHB Jamie Walker
|
0-0: Called Strike 0-1: Foul Ball, location: 2F 0-2: Fly out, F9 (Line Drive, 9, EV 110.6 MPH)
|
|
Batting: RHB Josh Reisner
|
0-0: Foul Ball, location: 2F 0-1: Ball 1-1: Swinging Strike 1-2: Ball 2-2: Ball 3-2: Ground out 3-1 (Groundball, 3L, EV 111.9 MPH)
|
| Top of the 1st over - 0 runs, 0 hits, 1 error, 3 left on base; Greeneville 0 - Boston (APP) 0 |
| BOTTOM OF THE 1ST |
|
Boston (APP) Red Sox batting - Pitching for Greeneville Astros : LHP Guadalupe Gonzalez
|
|
Pitching: LHP Guadalupe Gonzalez
|
|
|
Batting: RHB Panam Palmer
|
0-0: Called Strike 0-1: Ball 1-1: Ball 2-1: Ball 3-1: Fly out, F9 (Flyball, 9, EV 87.5 MPH)
|
|
Batting: RHB Bob Reichley
|
0-0: Called Strike 0-1: Fly out, F9 (Flyball, 9D, EV 90.0 MPH)
|
|
Batting: RHB Ryan Davis
|
0-0: Swinging Strike 0-1: Ball 1-1: Ball 2-1: Foul Ball, location: 2F 2-2: Foul Ball, location: 2F 2-2: Strikes out swinging
|
| Bottom of the 1st over - 0 runs, 0 hits, 0 errors, 0 left on base; Greeneville 0 - Boston (APP) 0 |
| TOP OF THE 2ND |
|
Greeneville Astros batting - Pitching for Boston (APP) Red Sox : RHP Jim Horwood
|
|
Batting: RHB Fernando Acosta
|
0-0: Called Strike 0-1: Ball 1-1: Swinging Strike 1-2: Ball 2-2: Foul Ball, location: 2F 2-2: SINGLE (Flyball, 89S, EV 95.0 MPH)
|
|
Batting: LHB Casper Significant
|
0-0: Called Strike Fernando Acosta steals 2nd base 0-1: Ball 1-1: Called Strike 1-2: Ball 2-2: Strikes out looking
|
|
Batting: RHB Daniel Gladkowski
|
0-0: Foul Ball, location: 2F 0-1: Foul Ball, location: 2F 0-2: Fly out, F8 (Flyball, 78D, EV 93.1 MPH)
|
|
Batting: SHB Steve Ramsey
|
0-0: Swinging Strike Passed Ball! Fernando Acosta to third 0-1: Foul Ball, location: 2F 0-2: Foul Ball, location: 2F 0-2: Ball 1-2: Strikes out swinging
|
| Top of the 2nd over - 0 runs, 1 hit, 0 errors, 1 left on base; Greeneville 0 - Boston (APP) 0 |
| BOTTOM OF THE 2ND |
|
Boston (APP) Red Sox batting - Pitching for Greeneville Astros : LHP Guadalupe Gonzalez
|
|
Batting: SHB Arihito Hiramoto
|
0-0: Called Strike 0-1: Foul Ball, location: 2F 0-2: Ball 1-2: Ball 2-2: Ball 3-2: Strikes out swinging
|
|
Batting: SHB Jose Santiago
|
0-0: Called Strike 0-1: Foul Ball, location: 2F 0-2: Fly out, F8 (Flyball, 8LM, EV 78.8 MPH)
|
|
Batting: RHB Estevan Carrillo
|
0-0: Ground out 4-3 (Groundball, 4, EV 104.4 MPH)
|
| Bottom of the 2nd over - 0 runs, 0 hits, 0 errors, 0 left on base; Greeneville 0 - Boston (APP) 0 |
| TOP OF THE 3RD |
|
Greeneville Astros batting - Pitching for Boston (APP) Red Sox : RHP Jim Horwood
|
|
Batting: SHB Rory Mozer
|
0-0: Called Strike 0-1: Ball 1-1: Swinging Strike 1-2: Strikes out swinging
|
|
Batting: LHB Bert Middleton
|
0-0: Called Strike 0-1: Ball 1-1: Called Strike 1-2: Foul Ball, location: 2F 1-2: Strikes out swinging
|
|
Batting: LHB Guadalupe Gonzalez
|
0-0: Ball 1-0: Foul Ball, location: 2F 1-1: Called Strike 1-2: Fly out, F9 (Flyball, 9LM, EV 91.2 MPH)
|
| Top of the 3rd over - 0 runs, 0 hits, 0 errors, 0 left on base; Greeneville 0 - Boston (APP) 0 |
| BOTTOM OF THE 3RD |
|
Boston (APP) Red Sox batting - Pitching for Greeneville Astros : LHP Guadalupe Gonzalez
|
|
Batting: RHB Luis Nino
|
0-0: Ball 1-0: Ball 2-0: SINGLE (Groundball, 6MD, EV 100.6 MPH)
|
|
Batting: LHB Kenny Jackson
|
0-0: Ball Wild Pitch! Luis Nino to second 1-0: Ball 2-0: Ball 3-0: Called Strike 3-1: Called Strike 3-2: Foul Ball, location: 2F 3-2: DOUBLE (Line Drive, 89XD, EV 110.6 MPH) Luis Nino scores
|
|
Batting: RHB Mo Tsang
|
0-0: Called Strike 0-1: Ball 1-1: Ball 2-1: Ground out 6-3 (Groundball, 6, EV 91.2 MPH)
|
|
Batting: RHB Panam Palmer
|
0-0: Ball 1-0: Foul Ball, location: 2F 1-1: Ball 2-1: Ball 3-1: Called Strike 3-2: Base on Balls
|
|
Batting: RHB Bob Reichley
|
0-0: Called Strike 0-1: Foul Ball, location: 2F 0-2: Ball 1-2: Strikes out swinging
|
|
Batting: RHB Ryan Davis
|
0-0: Foul Ball, location: 2F 0-1: DOUBLE (Line Drive, 89D, EV 108.8 MPH) Kenny Jackson scores Panam Palmer to third
|
|
Batting: SHB Arihito Hiramoto
|
0-0: Swinging Strike 0-1: Called Strike 0-2: Ball 1-2: Strikes out swinging
|
| Bottom of the 3rd over - 2 runs, 3 hits, 0 errors, 2 left on base; Greeneville 0 - Boston (APP) 2 |
| TOP OF THE 4TH |
|
Greeneville Astros batting - Pitching for Boston (APP) Red Sox : RHP Jim Horwood
|
|
Batting: RHB Jamie Walker
|
0-0: Called Strike 0-1: Ball 1-1: Foul Ball, location: 2F 1-2: Ball 2-2: Foul Ball, location: 2F 2-2: SOLO HOME RUN (Flyball, 7D, EV 98.1 MPH), Distance : 380 ft
|
|
Batting: RHB Josh Reisner
|
0-0: Ball 1-0: Foul Ball, location: 2F 1-1: Fly out, F8 (Flyball, 8RM, EV 93.8 MPH)
|
|
Batting: RHB Fernando Acosta
|
0-0: Ball 1-0: Ball 2-0: Ball 3-0: Base on Balls
|
|
Batting: LHB Casper Significant
|
0-0: Ball 1-0: Ball 2-0: Ball 3-0: Base on Balls Fernando Acosta to second
|
|
Batting: RHB Daniel Gladkowski
|
0-0: Called Strike 0-1: Foul Ball, location: 2F 0-2: Ball 1-2: Strikes out swinging
|
|
Pitching: RHP Zinedine Lahlafi
|
|
|
Batting: SHB Steve Ramsey
|
0-0: Ball 1-0: Ball 2-0: Ball 3-0: Base on Balls Fernando Acosta to third Casper Significant to second
|
|
Batting: SHB Rory Mozer
|
0-0: Called Strike 0-1: Foul Ball, location: 2F 0-2: Ball 1-2: Ball 2-2: Ground out 5-3 (Groundball, 6S, EV 89.4 MPH)
|
| Top of the 4th over - 1 run, 1 hit, 0 errors, 3 left on base; Greeneville 1 - Boston (APP) 2 |
| BOTTOM OF THE 4TH |
|
Boston (APP) Red Sox batting - Pitching for Greeneville Astros : LHP Guadalupe Gonzalez
|
|
Batting: SHB Jose Santiago
|
0-0: DOUBLE (Line Drive, 5D, EV 108.1 MPH)
|
|
Batting: RHB Estevan Carrillo
|
0-0: Ball 1-0: Ball 2-0: Ball 3-0: Called Strike 3-1: Called Strike 3-2: 2-RUN HOME RUN (Flyball, 7D, EV 96.2 MPH), Distance : 370 ft
|
|
Batting: RHB Luis Nino
|
0-0: Called Strike 0-1: Ball 1-1: Foul Ball, location: 2F 1-2: Ball 2-2: Strikes out swinging, 2-3 out at first.
|
|
Batting: LHB Kenny Jackson
|
0-0: Ball 1-0: Ball 2-0: Swinging Strike 2-1: Swinging Strike 2-2: Strikes out looking
|
|
Batting: RHB Mo Tsang
|
0-0: Fly out, F7 (Flyball, 78M, EV 90.0 MPH)
|
| Bottom of the 4th over - 2 runs, 2 hits, 0 errors, 0 left on base; Greeneville 1 - Boston (APP) 4 |
| TOP OF THE 5TH |
|
Greeneville Astros batting - Pitching for Boston (APP) Red Sox : RHP Zinedine Lahlafi
|
|
Batting: LHB Bert Middleton
|
0-0: Ball 1-0: Foul Ball, location: 2F 1-1: Swinging Strike 1-2: Ball 2-2: Ball 3-2: Foul Ball, location: 2F 3-2: Base on Balls
|
|
Batting: LHB Guadalupe Gonzalez
|
0-0: Ball Wild Pitch! Bert Middleton to second 1-0: Ball 2-0: Called Strike 2-1: DOUBLE (Line Drive, 7LM, EV 108.1 MPH) Bert Middleton scores
|
|
Batting: RHB Jamie Walker
|
0-0: Ball 1-0: Called Strike 1-1: Fly out, F9 (Line Drive, 9S, EV 95.0 MPH)
|
|
Batting: RHB Josh Reisner
|
0-0: Ball 1-0: Ground out 3-1 (Groundball, 34, EV 86.2 MPH) Guadalupe Gonzalez to third
|
|
Batting: RHB Fernando Acosta
|
0-0: Ball 1-0: Ball 2-0: Called Strike 2-1: Foul Ball, location: 2F 2-2: Strikes out swinging
|
| Top of the 5th over - 1 run, 1 hit, 0 errors, 1 left on base; Greeneville 2 - Boston (APP) 4 |
| BOTTOM OF THE 5TH |
|
Boston (APP) Red Sox batting - Pitching for Greeneville Astros : LHP Guadalupe Gonzalez
|
|
Batting: RHB Panam Palmer
|
0-0: Ball 1-0: Ball 2-0: Ball 3-0: Called Strike 3-1: Base on Balls
|
|
Batting: RHB Bob Reichley
|
0-0: Ball 1-0: Called Strike 1-1: SINGLE (Line Drive, 8LS, EV 108.1 MPH) Panam Palmer to second
|
|
Batting: RHB Ryan Davis
|
0-0: Ball 1-0: Ball 2-0: Hit by Pitch Panam Palmer to third Bob Reichley to second
|
|
Pitching: LHP Chase Smith
|
|
|
Batting: SHB Arihito Hiramoto
|
0-0: Foul Ball, location: 2F 0-1: Swinging Strike 0-2: Ball 1-2: DOUBLE (Line Drive, 3D, EV 99.4 MPH) Panam Palmer scores Bob Reichley scores Ryan Davis to third
|
|
Batting: SHB Jose Santiago
|
0-0: Called Strike 0-1: Foul Ball, location: 2F 0-2: Strikes out swinging
|
|
Batting: RHB Estevan Carrillo
|
0-0: Ball 1-0: Foul Ball, location: 2F 1-1: Ball 2-1: Fly out, F8 (Flyball, 8LXD, EV 81.2 MPH) Runner from 3rd tags up, SCORES, no throw by CF Arihito Hiramoto to third
|
|
Batting: RHB Luis Nino
|
0-0: Foul Ball, location: 2F 0-1: Foul Ball, location: 2F 0-2: Strikes out looking
|
| Bottom of the 5th over - 3 runs, 2 hits, 0 errors, 1 left on base; Greeneville 2 - Boston (APP) 7 |
| TOP OF THE 6TH |
|
Greeneville Astros batting - Pitching for Boston (APP) Red Sox : RHP Zinedine Lahlafi
|
|
Batting: LHB Casper Significant
|
0-0: Called Strike 0-1: Ball 1-1: SINGLE (Flyball, 9S, EV 85.6 MPH)
|
|
Batting: RHB Daniel Gladkowski
|
0-0: Foul Ball, location: 2F 0-1: Ball 1-1: Swinging Strike 1-2: Ball 2-2: Ball Passed Ball! Casper Significant to second 3-2: Foul Ball, location: 2F 3-2: Base on Balls
|
|
Batting: SHB Steve Ramsey
|
0-0: Ball 1-0: Fielders Choice at 2nd, 3-6 (Groundball, 3, EV 82.5 MPH) Casper Significant to third
|
|
Batting: SHB Rory Mozer
|
0-0: Ball 1-0: Swinging Strike 1-1: DOUBLE (Flyball, 78XD, EV 108.8 MPH) Casper Significant scores Steve Ramsey to third
|
|
Batting: LHB Bert Middleton
|
0-0: Ball 1-0: Swinging Strike 1-1: Called Strike 1-2: Strikes out swinging
|
|
Batting: LHB Guadalupe Gonzalez
|
0-0: Fly out, F8 (Flyball, 8LXD, EV 89.4 MPH)
|
| Top of the 6th over - 1 run, 2 hits, 0 errors, 2 left on base; Greeneville 3 - Boston (APP) 7 |
| BOTTOM OF THE 6TH |
|
Boston (APP) Red Sox batting - Pitching for Greeneville Astros : LHP Chase Smith
|
|
Pinch Hitting: RHB Kirk Cully
|
0-0: Ball 1-0: Ball 2-0: Swinging Strike 2-1: Foul Ball, location: 2F 2-2: Ground out 6-3 (Groundball, 6, EV 79.4 MPH)
|
|
Batting: RHB Mo Tsang
|
0-0: Ball 1-0: Foul Ball, location: 2F 1-1: Ball 2-1: Foul Ball, location: 2F 2-2: Ball 3-2: Ground out 5-3 (Groundball, 5L, EV 78.8 MPH)
|
|
Pitching: RHP Ernie Bell
|
|
|
Pinch Hitting: RHB Eric Kent
|
0-0: Ground out 5-3 (Groundball, 56, EV 86.2 MPH)
|
| Bottom of the 6th over - 0 runs, 0 hits, 0 errors, 0 left on base; Greeneville 3 - Boston (APP) 7 |
| TOP OF THE 7TH |
|
Greeneville Astros batting - Pitching for Boston (APP) Red Sox : RHP Zinedine Lahlafi
|
|
Now at 2B: Luis Nino
|
|
|
Now at 3B: Eric Kent
|
|
|
Now at SS: Jose Santiago
|
|
|
Now in CF: Ryan Davis
|
|
|
Now in RF: Felix Rangel
|
|
|
Batting: RHB Jamie Walker
|
0-0: Ball 1-0: Called Strike 1-1: Foul Ball, location: 2F 1-2: Strikes out swinging
|
|
Batting: RHB Josh Reisner
|
0-0: Ball 1-0: Foul Ball, location: 2F 1-1: Foul Ball, location: 2F 1-2: Ball 2-2: Strikes out looking
|
|
Batting: RHB Fernando Acosta
|
0-0: Foul Ball, location: 2F 0-1: Ground out 4-3 (Groundball, 4, EV 86.2 MPH)
|
| Top of the 7th over - 0 runs, 0 hits, 0 errors, 0 left on base; Greeneville 3 - Boston (APP) 7 |
| BOTTOM OF THE 7TH |
|
Boston (APP) Red Sox batting - Pitching for Greeneville Astros : RHP Ernie Bell
|
|
Batting: RHB Bob Reichley
|
0-0: Called Strike 0-1: Ball 1-1: Foul Ball, location: 2F 1-2: Strikes out looking
|
|
Batting: RHB Ryan Davis
|
0-0: Ball 1-0: Called Strike 1-1: Foul Ball, location: 2F 1-2: Foul Ball, location: 2F 1-2: SOLO HOME RUN (Line Drive, 8LXD, EV 110.0 MPH), Distance : 446 ft
|
|
Batting: SHB Arihito Hiramoto
|
0-0: Foul Ball, location: 2F 0-1: Ball 1-1: Ball 2-1: Called Strike 2-2: Fly out, F9 (Flyball, 9D, EV 98.8 MPH)
|
|
Batting: SHB Jose Santiago
|
0-0: Ground out 6-3 (Groundball, 56, EV 107.5 MPH)
|
| Bottom of the 7th over - 1 run, 1 hit, 0 errors, 0 left on base; Greeneville 3 - Boston (APP) 8 |
| TOP OF THE 8TH |
|
Greeneville Astros batting - Pitching for Boston (APP) Red Sox : RHP Zinedine Lahlafi
|
|
Batting: LHB Casper Significant
|
0-0: Ball 1-0: Ball 2-0: Called Strike 2-1: Ball 3-1: Foul Ball, location: 2F 3-2: Strikes out swinging
|
|
Pitching: RHP Wayne Whimster
|
|
|
Batting: RHB Daniel Gladkowski
|
0-0: Ball 1-0: Ball 2-0: Fly out, F3 (Popup, 34, EV 70.0 MPH)
|
|
Batting: SHB Steve Ramsey
|
0-0: SINGLE (Line Drive, 34, EV 102.5 MPH)
|
|
Batting: SHB Rory Mozer
|
0-0: Called Strike 0-1: Ball 1-1: Foul Ball, location: 2F 1-2: Strikes out swinging
|
| Top of the 8th over - 0 runs, 1 hit, 0 errors, 1 left on base; Greeneville 3 - Boston (APP) 8 |
| BOTTOM OF THE 8TH |
|
Boston (APP) Red Sox batting - Pitching for Greeneville Astros : RHP Ernie Bell
|
|
Batting: RHB Estevan Carrillo
|
0-0: Ball 1-0: DOUBLE (Line Drive, 3D, EV 94.4 MPH)
|
|
Batting: RHB Luis Nino
|
0-0: Ball 1-0: Ball 2-0: Foul Ball, location: 2F 2-1: Ball 3-1: Foul Ball, location: 2F 3-2: Base on Balls
|
|
Pitching: LHP Kimmo-Mikka Koistinen
|
|
|
Batting: RHB Felix Rangel
|
0-0: Bunted foul 0-1: Ball 1-1: Bunt missed! 1-2: Ball Wild Pitch! Estevan Carrillo to third Luis Nino to second 2-2: Ball 3-2: SINGLE (Groundball, 56D, EV 105.0 MPH) Estevan Carrillo scores Luis Nino to third
|
|
Batting: RHB Mo Tsang
|
0-0: Ball 1-0: Fly out, F9 (Flyball, 89M, EV 84.4 MPH) Runner from 3rd tags up, SCORES, throw by RF
|
|
Batting: RHB Eric Kent
|
0-0: Called Strike 0-1: Swinging Strike 0-2: Ball 1-2: Ball 2-2: Fly out, F9 (Flyball, 9, EV 87.5 MPH)
|
|
Batting: RHB Bob Reichley
|
0-0: Ball 1-0: Ball 2-0: Ball 3-0: Base on Balls Felix Rangel to second
|
|
Batting: RHB Ryan Davis
|
0-0: Fly out, F8 (Flyball, 8RM, EV 90.0 MPH)
|
| Bottom of the 8th over - 2 runs, 2 hits, 0 errors, 2 left on base; Greeneville 3 - Boston (APP) 10 |
| TOP OF THE 9TH |
|
Greeneville Astros batting - Pitching for Boston (APP) Red Sox : RHP Wayne Whimster
|
|
Batting: LHB Bert Middleton
|
0-0: Foul Ball, location: 2F 0-1: Called Strike 0-2: Foul Ball, location: 2F 0-2: Strikes out swinging
|
|
Batting: LHB Guadalupe Gonzalez
|
0-0: Ball 1-0: Ball 2-0: Called Strike 2-1: Swinging Strike 2-2: Strikes out swinging
|
|
Pinch Hitting: LHB Josh Glass
|
0-0: Foul Ball, location: 2F 0-1: Foul Ball, location: 2F 0-2: Foul Ball, location: 2F 0-2: DOUBLE (Line Drive, 7LS, EV 93.8 MPH)
|
|
Batting: RHB Josh Reisner
|
0-0: Ball 1-0: Ground out 4-3 (Groundball, 4, EV 84.4 MPH)
|
| Top of the 9th over - 0 runs, 1 hit, 0 errors, 1 left on base; Greeneville 3 - Boston (APP) 10 |
|